 Dungeon Crawl Stone Soup version 0.28-a0-1518-gbe868bca14 (webtiles) character file.

Game seed: 3740973834834150158

16407 shadowrider38 the Slicer (level 12, -9/100 HPs)
             Began as a Vine Stalker Fighter on Jan 17, 2022.
             Was an Initiate of Gozag.
             Mangled by a minotaur (15 damage)
             ... in a Gauntlet.
             The game lasted 00:27:55 (15478 turns).

shadowrider38 the Slicer (Vine Stalker Fighter)    Turns: 15478, Time: 00:27:55

Health: -9/100     AC: 16    Str: 24    XL:     12   Next: 37%
Magic:  0/13       EV: 10    Int:  8    God:    Gozag
Gold:   218        SH: 13    Dex: 14    Spells: 11/11 levels left

rFire   + . .      SeeInvis .   a - +0 rapier (vamp)
rCold   + . .      Faith    .   F - +2 kite shield
rNeg    . . .      Spirit   +   I - +0 plate armour
rPois   +          Reflect  .   x - +0 helmet
rElec   +          Harm     .   V - scarf {shadows}
rCorr   +          Rampage  .   s - +0 pair of gloves
Will    +....      NoTele   +   (no boots)
Stlth   ..........              (no amulet)
HPRegen 1.06/turn               O - +4 ring of evasion
MPRegen 0.13/turn               m - ring of poison resistance

@: berserking, resistant, hasted, very quick
A: fangs 3, regeneration 1, magic shield, antimagic bite, no potion heal 2
a: Renounce Religion, Potion Petition, Call Merchant, Bribe Branch


You were in a Gauntlet.
You worshipped Gozag.
Gozag was aware of your devotion.
You visited 3 branches of the dungeon, and saw 13 of its levels.
You also visited: Sewer, Bailey and Gauntlet.

You collected 1986 gold pieces.
You paid 1768 gold pieces to Gozag.

Inventory:

Hand Weapons
 a - a +0 vampiric rapier (weapon)
 f - a +2 dagger of venom
Missiles
 c - 11 boomerangs
 h - 9 curare-tipped darts (quivered)
 n - 350 stones
 C - 4 poisoned darts
Armour
 s - a +0 pair of gloves (worn)
 x - a +0 helmet (worn)
 D - a +2 cloak
 F - a +2 kite shield (worn)
 I - a +0 plate armour (worn)
 T - the -3 helmet "Ugaemu Beeb" {rN+ Regen+}
   (You found it in a Gauntlet)

   rN:        It protects you from negative energy.
   Regen:     It increases your rate of health regeneration.
 V - a scarf of shadows (worn)
Jewellery
 i - a +6 ring of intelligence
 m - a ring of poison resistance (right hand)
 t - a ring of fire
 A - a ring of protection from cold
 N - a ring of ice
 O - a +4 ring of evasion (left hand)
Wands
 p - a wand of polymorph (15)
 v - a wand of acid (13)
 z - a wand of mindburst (25)
 K - a wand of digging (13)
 P - a wand of iceblast (4)
Scrolls
 b - a scroll of magic mapping
 e - 4 scrolls of teleportation
 g - 2 scrolls of amnesia
 j - a scroll of fear
 k - 3 scrolls of fog {unknown}
 w - 2 scrolls of noise {unknown}
 y - 3 scrolls of enchant weapon {unknown}
 H - 4 scrolls of acquirement {unknown}
 R - a scroll of immolation {unknown}
Potions
 d - a potion of might
 l - 2 potions of brilliance
 o - 3 potions of haste
 q - a potion of ambrosia
 u - 5 potions of resistance
 B - 2 potions of cancellation
 E - 2 potions of lignification
 G - a potion of invisibility
 J - 2 potions of flight
 L - a potion of curing
 M - a potion of magic
 Q - a potion of mutation
Miscellaneous
 r - a phial of floods
 U - a phantom mirror


   Skills:
 + Level 9.5 Fighting
 - Level 10.0 Short Blades
 + Level 8.7 Armour
 + Level 9.4 Shields


You had 11 spell levels left.
You didn't know any spells.
Your spell library contained the following spells:

 Spells                   Type           Power      Damage    Failure   Level
 Apportation              Tloc           0%         N/A       100%        1
 Call Canine Familiar     Summ           0%         N/A       100%        3
 Conjure Flame            Conj/Fire      0%         6-21      100%        3
 Ignite Poison            Fire/Tmut/Pois 0%         N/A       100%        3
 Portal Projectile        Hex/Tloc       0%         N/A       100%        3
 Leda's Liquefaction      Hex/Erth       0%         N/A       100%        4
 Olgreb's Toxic Radiance  Pois           0%         N/A       100%        4
 Sticky Flame             Conj/Fire      0%         2d3       100%        4
 Summon Ice Beast         Ice/Summ       0%         N/A       100%        4
 Alistair's Intoxication  Tmut/Pois      0%         N/A       100%        5
 Summon Mana Viper        Hex/Summ       0%         N/A       100%        5
 Monstrous Menagerie      Summ           0%         N/A       100%        7
 Ozocubu's Refrigeration  Ice            0%         4d5       100%        7
 Ignition                 Fire           0%         3d3       100%        8


Dungeon Overview and Level Annotations

Branches:
Dungeon (10/15)            Temple (1/1) D:7            Lair (2/6) D:9
    Orc (0/2) D:9           Sewer (visited)          Bailey (visited)
Gauntlet (1/1)
  Swamp: Lair:2-4    Shoals: Lair:2-4     Snake: Lair:2-4    Spider: Lair:2-4

Altars:
Ashenzari
Cheibriados
Dithmenos
Elyvilon
Fedhas
Gozag
Hepliaklqana
Kikubaaqudgha
Makhleb
Nemelex Xobeh
Okawaru
Qazlal
Ru
Sif Muna
Trog
Uskayaw
Vehumet
Wu Jian
Xom
Yredelemnul
Zin
The Shining One

Shops:
D:8 *   D:10 [

Annotations:
Gauntlet 8 transporters, 1 runed translucent door


Innate Abilities, Weirdness & Mutations

You have razor-sharp teeth.
Your natural rate of healing is unusually fast.
When hurt, damage is shared between your health and your magic reserves.
Your bite disrupts and absorbs the magic of your enemies.
Potions cannot restore your health.


Message History

[c] - 440 gold - haste and resistance Purchase which effect?
You no longer have enough gold to petition Gozag for potion effects.
You no longer have enough gold to fund merchants seeking to open stores in the dungeon.
You feel yourself speed up.
You feel protected.
You feel much better.
A red film seems to cover your vision as you go berserk!
You feel yourself moving faster!
You feel mighty!
The minotaur hits you with a +4 vorpal executioner's axe!!
* * * LOW HITPOINT WARNING * * *
x2 You block the minotaur's attack.
You are too injured to fight recklessly!
Unknown command.
You are too injured to fight recklessly!
You are too injured to fight recklessly!
Unknown command.
You are too injured to fight recklessly!
Unknown command.
You are too injured to fight recklessly!
Unknown command.
You hit the minotaur but do no damage. You bite the minotaur!!
You drain its power.
You feel invigorated.
The minotaur is heavily wounded.
Unknown command.
You hit the minotaur.
The minotaur is heavily wounded.
The minotaur hits you with a +4 vorpal executioner's axe!
* * * LOW HITPOINT WARNING * * *
The minotaur gores you but does no damage.
You hit the minotaur but do no damage.
You bite the minotaur, but do no damage.
The minotaur is heavily wounded.
Unknown command.
Unknown command.
You hit the minotaur.
You feel better.
The minotaur is severely wounded.
The minotaur hits you with a +4 vorpal executioner's axe!!
You die...
Your body crumbles into a pile of gold.

≈≈≈ ≈∩≈ .(. ##.## ...
#######H#######
#......@......#
#.###.###.###.#
#.###.###.#
..........#
.###.###.###
#.###.###.###
.............#
#...©.©.©...##
##########
#..8.8.8..############


You could see a minotaur (poisoned).

Vanquished Creatures
  A hydra (Lair:1)
  Erolcha (D:8)
  A two-headed ogre (D:10)
  Nergalle (D:10)
  2 wizards (Gauntlet)
  An ugly thing (D:10)
  An elephant (D:9)
  2 black mambas
  A torpor snail (Lair:2)
  3 cane toads
  A kobold demonologist (D:10)
  2 trolls (D:9)
  2 raiju (Gauntlet)
  4 dream sheep (Lair:2)
  A wyvern (D:9)
  A basilisk (D:9)
  12 yaks
  A steam dragon (D:9)
  13 water moccasins
  8 orc warriors
  An ice beast (D:7)
  2 black bears
  3 centaurs
  An ogre (D:5)
  A phantom (D:4)
  12 wolves
  3 kobold brigands
  3 bullfrogs
  A gnoll sergeant (D:6)
  4 scorpions
  A wyvern zombie (D:7)
  A water moccasin skeleton (D:6)
  15 killer bees
  An electric eel (D:8)
  3 wights (D:8)
  3 howler monkeys (D:10)
  A crimson imp (D:9)
  A bullfrog zombie (D:5)
  A centaur zombie (D:8)
  A centaur skeleton (D:6)
  7 orc priests
  2 gnoll shamans (D:7)
  3 iguanas
  11 orc wizards
  2 lightning spires (Gauntlet)
  A hound skeleton (D:5)
  A howler monkey zombie (D:7)
  Robin (D:3)
  12 adders
  13 gnolls
  2 river rats (Sewer)
  5 shadow imps
  2 white imps
  3 ufetubi
  An adder skeleton (D:5)
  3 worms
  A dart slug (D:4)
  26 orcs
  4 bats
  5 endoplasms
  6 giant cockroaches
  24 goblins
  13 hobgoblins
  3 jackals (D:2)
  7 quokkas
  10 ball pythons
  3 frilled lizards (D:3)
  22 kobolds
  7 rats
318 creatures vanquished.

Vanquished Creatures (others)
  17 demonic plants (Gauntlet)
  3 fungi
  2 plants
22 creatures vanquished.

Grand Total: 340 creatures vanquished

Notes
Turn   | Place    | Note
-------+----------+-------------------------------------------
     0 | D:1      | shadowrider38 the Vine Stalker Fighter began the quest for
                  | the Orb.
     0 | D:1      | Reached XP level 1. HP: 11/11 MP: 2/2
    88 | D:1      | Reached skill level 2 in Short Blades
   309 | D:1      | Reached XP level 2. HP: 16/16 MP: 3/3
   450 | D:1      | Reached skill level 3 in Short Blades
   534 | D:1      | Reached XP level 3. HP: 18/19 MP: 4/4
  1052 | D:2      | Found a faded altar of an unknown god.
  1904 | D:2      | Gained mutation: Your natural rate of healing is unusually
                  | fast. [Vine Stalker growth]
  1904 | D:2      | Reached XP level 4. HP: 23/23 MP: 5/5
  2007 | D:2      | Reached skill level 4 in Short Blades
  2595 | D:3      | Reached XP level 5. HP: 25/27 MP: 6/6
  2720 | D:3      | Noticed Robin
  2726 | D:3      | Killed Robin
  2766 | D:3      | Reached skill level 5 in Short Blades
  2820 | D:3      | Found a basalt altar of Yredelemnul.
  3564 | D:4      | Reached XP level 6. HP: 23/32 MP: 4/7
  4282 | D:4      | Reached skill level 6 in Short Blades
  4825 | D:5      | Entered Level 5 of the Dungeon
  4979 | D:5      | Reached XP level 7. HP: 34/35 MP: 8/8
  5047 | D:5      | Reached skill level 7 in Short Blades
  5425 | D:5      | Found a white marble altar of Elyvilon.
  5639 | D:6      | Reached skill level 8 in Short Blades
  5690 | D:6      | Gained mutation: You have razor-sharp teeth. [Vine Stalker
                  | growth]
  5690 | D:6      | Reached XP level 8. HP: 27/39 MP: 5/9
  5708 | D:6      | Reached skill level 9 in Short Blades
  5820 | D:6      | Found a glowing drain.
  5947 | Sewer    | Entered a sewer
  6487 | D:6      | Reached skill level 10 in Short Blades
  6800 | D:7      | Found a staircase to the Ecumenical Temple.
  6807 | Temple   | Entered the Ecumenical Temple
  6893 | Temple   | Became a worshipper of Gozag Ym Sagoz the Greedy
  6974 | D:7      | Found a flagged portal.
  6992 | Bailey   | Entered a bailey
  7367 | Bailey   | Reached XP level 9. HP: 42/44 MP: 10/10
  8810 | D:7      | Reached skill level 5 in Fighting
  8819 | D:7      | Reached skill level 5 in Shields
  9297 | D:8      | Reached XP level 10. HP: 15/51 MP: 2/11
  9399 | D:8      | Found a shadowy altar of Dithmenos.
  9527 | D:8      | Reached skill level 5 in Armour
  9866 | D:8      | Found a blossoming altar of Fedhas.
 10001 | D:8      | Found Enlo Wof's Assorted Antiques.
 10056 | D:8      | Found a radiant altar of Vehumet.
 10177 | D:8      | Found a glowing golden altar of the Shining One.
 10266 | D:9      | Found a staircase to the Lair.
 10266 | D:9      | Noticed a death yak
 10266 | D:9      | Noticed an elephant
 10411 | D:9      | Found a staircase to the Orcish Mines.
 10411 | D:9      | Noticed Erolcha
 10444 | D:8      | Killed Erolcha
 10646 | D:9      | Killed an elephant
 11694 | D:9      | Found a burning altar of Makhleb.
 11695 | D:9      | Found a shimmering altar of Xom.
 11780 | D:10     | Entered Level 10 of the Dungeon
 11780 | D:10     | Found Jiguqus's Armour Shop.
 11964 | D:10     | Noticed a two-headed ogre
 11976 | D:10     | Killed a two-headed ogre
 11977 | D:10     | Reached XP level 11. HP: 50/58 MP: 12/12
 12110 | D:10     | Noticed Nergalle
 12346 | D:10     | Killed Nergalle
 12527 | D:10     | Noticed a purple ugly thing
 12543 | D:10     | Killed a purple ugly thing
 12876 | D:10     | Noticed a death knight
 13005 | Lair:1   | Entered Level 1 of the Lair of Beasts
 14273 | Lair:2   | Noticed an eight-headed hydra
 14437 | Lair:1   | Killed an eight-headed hydra
 14438 | Lair:1   | Reached XP level 12. HP: 65/65 MP: 13/13
 14561 | Lair:2   | Found a gate leading to a gauntlet.
 14614 | Gauntlet | Entered a Gauntlet
 14614 | Gauntlet | Found a transporter.
 14625 | Gauntlet | Noticed a great orb of eyes
 14627 | Gauntlet | Found a transporter.
 14630 | Gauntlet | Found a transporter.
 14631 | Gauntlet | Found a transporter.
 14634 | Gauntlet | Found a transporter.
 14635 | Gauntlet | Found a transporter.
 14640 | Gauntlet | Noticed a blizzard demon
 14644 | Gauntlet | Found a transporter.
 14645 | Gauntlet | Found a transporter.
 14654 | Gauntlet | Found a runed translucent door.
 14664 | Gauntlet | Found a transporter.
 14682 | Gauntlet | Found a transporter.
 14686 | Gauntlet | Found a transporter.
 14694 | Gauntlet | Found a transporter.
 15017 | Gauntlet | Identified the -3 helmet "Ugaemu Beeb" {rN+ Regen+}
 15463 | Gauntlet | Noticed a minotaur
 15476 | Gauntlet | HP: 3/100 [minotaur (5)]
 15478 | Gauntlet | Mangled by a minotaur

Illustrated notes

Levels and vault maps discovered:
D:1:      ebering_hopf_link, layout_basic
D:2:      mumra_celtic_spiral_tile, layout_basic,
          dreamdust_ecumenical_altar_grove
D:3:      layout_basic, lemuel_doored_altar, uniq_robin
D:4:      layout_layer_cave
D:5:      layout_basic, elyvilon_altar_4
D:6:      layout_gridville, gup_sewer_entry_bowl
D:7:      layout_basic, minmay_temple_entry_trees, enter_bailey_3, minivault_1
D:8:      layout_loops_ring, kennysheep_mini_moat, pf_just_have_faith,
          mainiacjoe_overflow_alcove_2, fedhas_altar_1, serial_shops, shop,
          fungi_pond_lemuel
D:9:      layout_basic, grunt_temple_overflow_champion_of_chaos,
          david_lair_generic, orc_david_3, uniq_erolcha
D:10:     layout_roguey, nicolae_trove_entry_path_of_doom, serial_shops, shop,
          uniq_nergalle
Temple:   nicolae_temple_great_sept
Lair:1:   layout_gridlike, beast_lair_carwin_8, serial_bayou_shore_a,
          grunt_megastairs_3
Lair:2:   layout_hall_layers, gauntlet_entry_generic, special_room
          [special_room_bee], kennysheep_rathole, grunt_megastairs_1
Gauntlet: minmay_gauntlet_mixed_oops_all_seconds
          [minmay_gauntlet_arena_77_tiled_triplets,
          gammafunk_gauntlet_arena_hedges, minmay_gauntlet_arena_77_box,
          gammafunk_gauntlet_arena_split_diamond, minmay_gauntlet_arena_77_path,
          gammafunk_gauntlet_arena_chambers, gauntlet_exit_watery]

Skill      XL: |  1  2  3  4  5  6  7  8  9 10 11 12 |
---------------+-------------------------------------+-----
Short Blades   | 2 3 4 5 6 8 10 | 10.0
Fighting       | 3 5 7 8 9 |  9.5
Shields        | 3 5 7 8 9 |  9.4
Armour         | 4 6 8 |  8.7

Action                   |  1- 3 |  4- 6 |  7- 9 | 10-12 || total
-------------------------+-------+-------+-------+-------++-------
Melee: Rapier            |    77 |   202 |   478 |   741 ||  1498
       Bite              |    16 |    51 |   118 |   251 ||   436
Throw: Dart              |       |       |       |     3 ||     3
       Boomerang         |       |       |       |     1 ||     1
Invok: Potion Petition   |       |       |       |     4 ||     4
  Use: Potion            |     2 |       |     2 |     1 ||     5
       Scroll            |       |     6 |     7 |     6 ||    19
 Stab: Distracted        |       |       |     1 |     3 ||     4
Armor: Scale mail        |    22 |    65 |       |       ||    87
       Skin              |     8 |       |       |       ||     8
       Chain mail        |       |    28 |   127 |       ||   155
       Plate armour      |       |       |    74 |   311 ||   385
Dodge: Dodged            |    30 |    92 |   103 |   187 ||   412
Block: Buckler           |    10 |    31 |    34 |       ||    75
       Kite shield       |       |       |   111 |   477 ||   588

Table legend: (Time is in decaauts)
 A = Elapsed time spent in this place.
 B = Non-inter-level travel time spent in this place.
 C = Inter-level travel time spent in this place.
 D = Time resting spent in this place.
 E = Time spent auto-exploring this place.
 F = Levels seen in this place.
 G = Mean time per level.
                   A        B        C        D        E       F      G
               +--------+--------+--------+--------+--------+-----+--------+
         Total |  15415 |  14590 |    825 |   2937 |   7801 |  16 |  963.4 |
       Dungeon |  11639 |  10839 |    800 |   1719 |   6593 |  10 | 1163.9 |
        Temple |     97 |     87 |     10 |      0 |     63 |   1 |   97.0 |
          Lair |   1596 |   1581 |     15 |    149 |    747 |   2 |  798.0 |
         Sewer |    353 |    353 |      0 |      0 |    205 |   1 |  353.0 |
        Bailey |    860 |    860 |      0 |    599 |     23 |   1 |  860.0 |
      Gauntlet |    868 |    868 |      0 |    470 |    170 |   1 |  868.0 |
               +--------+--------+--------+--------+--------+-----+--------+

Top non-repeatable levels by time:
     D:7: 1571 daAuts
     D:2: 1469 daAuts
     D:9: 1467 daAuts
     D:4: 1373 daAuts
  Lair:1: 1347 daAuts
     D:8: 1345 daAuts
     D:3: 1063 daAuts
     D:1: 969 daAuts
     D:5: 934 daAuts
Gauntlet: 868 daAuts
  Bailey: 860 daAuts
    D:10: 771 daAuts
     D:6: 673 daAuts
   Sewer: 353 daAuts
  Lair:2: 248 daAuts
